 Dungeon Crawl Stone Soup version 0.20-a0-958-g783e32d (webtiles) character file.

333201 Murumi the Peltast (level 22, -12/187 HPs)
             Began as a Formicid Fighter on Apr 6, 2017.
             Was a Priest of Elyvilon.
             Mangled by an entropy weaver (19 damage)
             ... summoned by a boggart
             ... on level 2 of the Vaults.
             The game lasted 04:46:43 (56959 turns).

Murumi the Peltast (Formicid Fighter)              Turns: 56959, Time: 04:46:45

Health: -12/187    AC: 17    Str: 34    XL:     22   Next: 79%
Magic:  35/35      EV:  9    Int: 10    God:    Elyvilon [***...]
Gold:   2695       SH: 27    Dex: 16    Spells: 21/21 levels left

rFire    + + .     SeeInvis +   j - +2 triple sword of Mutilation {venom, rC- Str+5}
rCold    x . .     Gourm    .   S - +0 large shield
rNeg     . . .     Faith    .   T - +0 plate armour {rF+}
rPois    +         Spirit   .   (helmet unavailable)
rElec    .         Reflect  +   L - scarf of the Aged Spirits {Str+3 Int-3 Dex+3}
rCorr    .         Harm     .   D - +0 pair of gloves
MR       +++..                  E - +2 pair of boots {run}
Stlth    ..........             G - +3 amulet of reflection
Regen    0.0/turn               I - ring "Uwkoilox" {Dex+3 Slay+3}
MPRegen  0.3/turn               v - ring of protection from magic

@: corroded, drained, quick
A: permanent stasis, dig shafts and tunnels, four strong arms, antennae 3, claws
1, icy blue scales 1, molten scales 1, rugged brown scales 1, fire resistance 1,
sense surroundings 1, poison resistance, shaggy fur 2, inhibited regeneration,
wild magic 1
}: 2/15 runes: decaying, serpentine
a: Dig, Shaft Self, Lesser Healing, Heal Other, Purification, Divine Protection,
Renounce Religion


You were on level 2 of the Vaults.
You worshipped Elyvilon.
Elyvilon was most pleased with you.
You were very hungry.

You visited 8 branches of the dungeon, and saw 36 of its levels.
You also visited: Ossuary.

You collected 3578 gold pieces.
You spent 883 gold pieces at shops.

Inventory:

Hand Weapons
 c - a +2 great sword of flaming
 j - the +2 triple sword of Mutilation (weapon) {venom, rC- Str+5}
   (You acquired it on level 2 of the Snake Pit)

   It poisons the flesh of those it strikes.
   It affects your strength (+5).
   It makes you vulnerable to cold.
Armour
 D - a +0 pair of gloves (worn)
 E - a +2 pair of boots of running (worn)
 L - the scarf of the Aged Spirits (worn) {Str+3 Int-3 Dex+3}
   (You found it on level 6 of the Lair of Beasts)

   It affects your strength (+3).
   It affects your intelligence (-3).
   It affects your dexterity (+3).
 S - a +0 large shield (worn)
 T - a +0 plate armour of fire resistance (worn)
Jewellery
 a - an uncursed ring of positive energy
 v - a ring of protection from magic (right hand)
 x - a +3 ring of protection
 A - an uncursed amulet of regeneration
 G - a +3 amulet of reflection (around neck)
 I - the ring "Uwkoilox" (left hand) {Dex+3 Slay+3}
   (You found it on level 3 of the Lair of Beasts)

   [ring of slaying]

   It affects your dexterity (+3).
   It affects your accuracy and damage with ranged weapons and melee attacks
   (+3).
 M - an uncursed ring of resist corrosion
 U - an uncursed ring of protection from fire
 Z - an uncursed ring of protection from cold
Wands
 e - a wand of digging (17/24)
 k - a wand of scattershot (3/9)
 r - a wand of scattershot (7/9)
 t - a wand of acid (9/15)
 u - a wand of enslavement (18/24)
 w - a wand of disintegration (0/24)
 z - a wand of lightning (6/15)
 B - a wand of acid (7/15)
 J - a wand of iceblast (4/15)
 N - a wand of confusion (39/48)
 W - a wand of acid (4/15)
 Y - a wand of lightning (6/15)
Scrolls
 o - 7 scrolls of remove curse
 p - 3 scrolls of magic mapping
 s - 4 scrolls of fog
 y - 7 scrolls of enchant armour
 C - 5 scrolls of enchant weapon
 K - 2 scrolls of recharging
 O - 7 scrolls of identify
 V - a scroll of silence
 X - a scroll of fear
Potions
 b - 2 potions of cancellation
 d - 8 potions of flight
 g - 11 potions of curing
 i - 2 potions of mutation
 l - 3 potions of agility
 m - a potion of resistance
 q - a potion of might
 P - 2 potions of lignification
Miscellaneous
 n - a lamp of fire
 F - a box of beasts
 H - a phial of floods
Comestibles
 f - 19 bread rations
 h - 64 fruits
 R - 6 royal jellies


   Skills:
 - Level 17.2(16.4) Fighting
 - Level 15.0(14.2) Long Blades
 - Level 17.0(16.1) Armour
 + Level 18.3(17.4) Shields
 - Level 18.0(17.1) Invocations
 - Level 17.0(16.1) Evocations


You had 21 spell levels left.
You didn't know any spells.

Dungeon Overview and Level Annotations

Branches:
Dungeon (15/15)            Temple (1/1) D:7            Lair (6/6) D:8
  Swamp (4/4) Lair:2        Snake (4/4) Lair:2        Slime (0/5) Lair:6
    Orc (2/2) D:9             Elf (0/3) Orc:2        Vaults (2/5) D:13
 Depths (2/5) D:15
  Crypt: Vaults:2-3

Altars:
Ashenzari
Cheibriados
Dithmenos
Elyvilon
Fedhas
Gozag
Hepliaklqana
Kikubaaqudgha
Makhleb
Nemelex Xobeh
Okawaru
Qazlal
Ru
Sif Muna
Trog
Uskayaw
Vehumet
Wu Jian
Xom
Yredelemnul
Zin
The Shining One
Beogh
Jiyva

Shops:
D:5 }   D:9 }   Orc:1 ?   Orc:2 %([[   Depths:1 (

Portals:
Hell: Depths:1 Depths:2
Abyss: Depths:2


Innate Abilities, Weirdness & Mutations

You cannot be hasted, slowed, berserked, paralysed or teleported.
You can dig through walls and to a lower floor.
Your four strong arms can wield two-handed weapons with a shield.
You have a pair of large antennae on your head. (SInv)
You have sharp fingernails.
You are partially covered in icy blue scales. (AC +2)
You are partially covered in molten scales. (AC +2)
You are partially covered in rugged brown scales. (AC +1, +3% HP)
Your flesh is heat resistant. (rF+)
You passively map a small area around you.
Your system is resistant to poisons. (rPois)
You are covered in thick fur. (AC +2)
You do not regenerate when monsters are visible.
Your spells are a little harder to cast, but a little more powerful.


Message History

The entropy weaver hits you! You block the entropy weaver's attack.
The entropy weaver hits you!!
* * * LOW HITPOINT WARNING * * *
You block the entropy weaver's attack. The entropy weaver barely misses you.
The entropy weaver hits you!
* * * LOW HITPOINT WARNING * * *
You slice the entropy weaver!!
The entropy weaver looks as sick as possible!
The entropy weaver is heavily wounded.
You block the entropy weaver's attack. The entropy weaver barely misses you.
The entropy weaver hits you!
* * * LOW HITPOINT WARNING * * *
You block the entropy weaver's attack.
You closely miss the entropy weaver.
The entropy weaver is heavily wounded.
The ogre is recalled.
You block the entropy weaver's attack. x2
The entropy weaver hits you!
* * * LOW HITPOINT WARNING * * *
The entropy weaver hits you!!
You die...

#...##..##...#
##+##....##'##
#........()).#
#........))..#### #####
##+##....##'##..###...#
##..##...'..#.#...#
#..#....'..'###'## * *
* +..+....####..'[# ,
#..#....##@#..####*, ,
, ###########a#'#..# ,
,, , , #.{c#.'..# ,
#.{.###..# , ,
########p###### *#+####
#......ssg{..g{. #.....
#.######.O###### #.....
* , #..# * , #..... *
,* #..# , *#.....


You could see an entropy weaver, an ironbrand convoker, a yaktaur, a jumping
spider, an ogre and a boggart (invisible).

Vanquished Creatures
  A juggernaut (Depths:1)
  Saint Roka (Snake:2)
  2 golden dragons
  the Lernaean hydra (Swamp:4)
  Nikola (Depths:1)
  A tentacled monstrosity (Depths:2)
  A lich (Depths:1)
  2 sphinxes (Depths:1)
  A thorn hunter (Swamp:4)
  Agnes (D:14)
  5 nagarajas (Snake:4)
  The ghost of Isola the Zephyrmancer, a journeyman DrCj of Vehumet (Orc:2)
  5 vault wardens
  A fire giant (Depths:1)
  4 frost giants
  Louise (D:14)
  Aizul (Snake:3)
  2 ironheart preservers (Vaults:1)
  10 very ugly things
  9 stone giants
  A war gargoyle (Vaults:2)
  3 spark wasps (Depths:1)
  5 dire elephants (Lair:6)
  8 ettins
  A deep elf death mage (Vaults:2)
  A fire dragon (Depths:2)
  3 jiangshi (Depths:1)
  4 ice dragons
  3 yaktaur captains
  3 ghost crabs
  3 vault guards
  2 rakshasas
  Harold (Lair:4)
  A spriggan air mage (Depths:2)
  5 great orbs of eyes
  8 centaur warriors
  17 hydras
  16 anacondas
  19 naga warriors
  14 alligators
  A dancing weapon (Orc:2)
  4 ogre magi
  11 naga sharpshooters
  2 vampire magi (Depths:1)
  15 two-headed ogres
  4 deep troll earth magi (Depths:1)
  5 spriggans
  2 soul eaters (Depths:1)
  6 shock serpents
  4 orc high priests (Orc:2)
  A deep elf knight (Vaults:1)
  8 hell knights (Depths:1)
  3 skeletal warriors (Vaults:1)
  2 unseen horrors (Vaults:1)
  9 sea snakes (Snake:4)
  11 swamp dragons
  7 wizards
  7 naga ritualists
  3 deep trolls (Vaults:1)
  2 glowing orange brains
  A spriggan druid (Swamp:4)
  A lindwurm (Lair:6)
  A flayed ghost (Vaults:1)
  6 ironbrand convokers
  Pikel (D:5)
  A harpy (Vaults:2)
  A deep elf archer (Vaults:1)
  2 necromancers
  2 shambling mangroves
  3 deep elf magi
  7 orc knights
  3 oklob plants (Lair:3)
  14 mana vipers
  6 orc sorcerers
  A wolf spider (Vaults:1)
  47 ugly things
  32 slime creatures
  4 manticores
  8 salamanders
  A salamander (shapeshifter) (Vaults:1)
  2 cyclopes
  5 vault sentinels
  9 elephants
  24 naga magi
  33 black mambas
  4 centaur skeletons
  7 guardian serpents
  11 spiny frogs
  13 yaktaurs
  5 komodo dragons
  2 small abominations (Vaults:2)
  A rime drake (Lair:3)
  The ghost of kaze the Cutter, a novice KoWr (D:5)
  A spriggan skeleton (Depths:2)
  A freezing wraith (Vaults:1)
  A hellwing (Depths:1)
  A human skeleton (Vaults:1)
  A golden dragon simulacrum (Depths:2)
  A red devil (Depths:1)
  9 trolls
  6 tyrant leeches
  A jumping spider (shapeshifter) (Depths:1)
  A polar bear (Lair:3)
  5 tengu conjurers
  10 blink frogs
  15 bog bodies
  10 hornets
  A wolf spider simulacrum (D:14)
  A raiju (shapeshifter) (Vaults:1)
  4 hippogriffs
  A stone giant simulacrum (Vaults:1)
  A fire giant simulacrum (Vaults:1)
  4 air elementals (Depths:2)
  3 shadows
  A wraith (D:12)
  A tarantella (shapeshifter) (D:15)
  Sigmund (D:4)
  39 yaks
  5 wyverns
  Eustachio (D:6)
  21 humans (D:13)
  2 hungry ghosts
  3 basilisks
  A fire elemental (Depths:1)
  A steam dragon (D:13)
  26 vampire mosquitoes
  7 wargs
  71 nagas
  A soldier ant (D:11)
  8 water moccasins
  20 swamp worms
  6 insubstantial wisps (Swamp:3)
  Edmund (D:5)
  2 acid dragons
  16 porcupines
  Duvessa (D:4)
  22 orc warriors
  5 sky beasts
  17 swamp drakes
  3 ice beasts
  4 black bears
  3 boggarts (Vaults:2)
  An eye of draining (D:12)
  3 phantoms
  62 wolves
  24 centaurs
  An orc skeleton (Vaults:1)
  18 ogres
  An elf simulacrum (Depths:2)
  13 crocodiles
  Blork the orc (D:5)
  3 big kobolds
  19 bullfrogs
  Dowan (D:4)
  A wyvern skeleton (D:12)
  8 scorpions
  3 jellies
  A killer bee (D:8)
  2 electric eels
  2 howler monkeys
  6 crimson imps
  3 centaur zombies
  11 hounds
  3 human zombies
  32 orc priests
  Crazy Yiuf (D:3)
  34 orc wizards
  Jessica (D:3)
  Natasha (thrice) (D:3)
  5 iguanas
  10 worker ants
  A hound skeleton (D:6)
  2 mummies (Ossuary)
  A worker ant zombie (D:7)
  Robin (D:4)
  4 gnolls
  14 adders
  5 shadow imps
  An ooze (D:2)
  An adder skeleton (D:4)
  3 adder zombies
  4 worms
  5 dart slugs
  4 leopard geckos
  100 orcs
  11 bats
  5 giant cockroaches
  11 goblins
  11 hobgoblins
  17 jackals
  20 kobolds
  3 quokkas
  A ball python (D:2)
  4 frilled lizards
  A goblin zombie (D:4)
  13 hobgoblin zombies (Ossuary)
  2 jackal zombies (Ossuary)
  15 kobold zombies (Ossuary)
  A leopard gecko skeleton (D:4)
  2 orc zombies (Ossuary)
  A quokka zombie (D:4)
  8 rats
  A briar patch (Swamp:4)
  A fungus (Lair:6)
  4 plants (Lair:6)
1453 creatures vanquished.

Vanquished Creatures (collateral kills)
  A deep troll shaman (Depths:2)
  A spriggan (Depths:2)
  A necromancer (Depths:2)
  A hornet (Depths:2)
  An air elemental (Depths:2)
5 creatures vanquished.

Vanquished Creatures (others)
  Asterion (Depths:1)
  A stone giant (Depths:2)
  An entropy weaver (shapeshifter) (Depths:2)
  Snorg (Lair:4)
  A yaktaur captain (Vaults:2)
  8 naga sharpshooters
  A deep elf archer (Vaults:1)
  2 cyclopes
  A black mamba (Snake:1)
  6 yaktaurs
  A naga (Snake:4)
  A crocodile (Lair:3)
  5 centaurs
  A bullfrog (D:13)
  An adder skeleton (D:5)
  3 orcs
  A ball python (D:3)
  A bush (Swamp:4)
  16 fungi
  14 plants
67 creatures vanquished.

Grand Total: 1525 creatures vanquished

Notes
Turn   | Place    | Note
-------+----------+-------------------------------------------
     0 | D:1      | Murumi the Formicid Fighter began the quest for the Orb.
     0 | D:1      | Reached XP level 1. HP: 18/18 MP: 1/1
    77 | D:1      | Reached XP level 2. HP: 24/24 MP: 2/2
   513 | D:1      | Reached XP level 3. HP: 29/29 MP: 3/3
   823 | D:2      | Found a sacrificial altar of Ru.
   955 | D:2      | Reached XP level 4. HP: 35/37 MP: 4/4
  1204 | D:2      | Found a deep blue altar of Sif Muna.
  1274 | D:2      | Gained mutation: Armour fits poorly on your strangely shaped body. [potion of mutation]
  1274 | D:2      | Gained mutation: You are surrounded by a mild repulsion field. (EV +2) [potion of mutation]
  1275 | D:2      | Lost mutation: Armour fits poorly on your strangely shaped body. [potion of mutation]
  1275 | D:2      | Gained mutation: Your system is resistant to poisons. (rPois) [potion of mutation]
  1275 | D:2      | Gained mutation: Your mind is acute. (Int +2) [potion of mutation]
  1275 | D:2      | Gained mutation: You have large cloven feet. [potion of mutation]
  1275 | D:2      | Gained mutation: You are somewhat resistant to further mutation. [potion of mutation]
  1553 | D:3      | Noticed Natasha
  1573 | D:3      | Killed Natasha
  1577 | D:3      | Reached XP level 5. HP: 37/42 MP: 5/5
  1631 | D:3      | Noticed Natasha
  1640 | D:3      | Killed Natasha
  1665 | D:3      | Reached skill level 5 in Shields
  1724 | D:3      | Noticed a sky beast
  1737 | D:3      | Killed a sky beast
  1737 | D:3      | Reached XP level 6. HP: 14/48 MP: 6/6
  1740 | D:3      | Lost mutation: You are surrounded by a mild repulsion field. (EV +2) [mutagenic meat]
  1960 | D:3      | Noticed Jessica
  1976 | D:3      | Killed Jessica
  2173 | D:3      | Noticed Natasha
  2199 | D:3      | Killed Natasha
  2245 | D:3      | Reached skill level 5 in Long Blades
  2261 | D:3      | Found a runed door.
  2362 | D:3      | Reached XP level 7. HP: 43/55 MP: 7/7
  3299 | D:3      | Noticed Crazy Yiuf
  3311 | D:3      | Killed Crazy Yiuf
  3311 | D:3      | Reached skill level 5 in Fighting
  3576 | D:4      | Noticed Duvessa
  3577 | D:4      | Noticed Dowan
  3596 | D:4      | Killed Duvessa
  3596 | D:4      | Reached skill level 5 in Armour
  3605 | D:4      | Killed Dowan
  3695 | D:4      | Noticed Sigmund
  3712 | D:4      | Killed Sigmund
  3712 | D:4      | Reached XP level 8. HP: 30/62 MP: 8/8
  3748 | D:4      | Found a sand-covered staircase.
  3800 | Ossuary  | Entered an ossuary
  4275 | Ossuary  | Lost mutation: Your mind is acute. (Int +2) [potion of mutation]
  4275 | Ossuary  | Lost mutation: You are somewhat resistant to further mutation. [potion of mutation]
  4275 | Ossuary  | Lost mutation: You have large cloven feet. [potion of mutation]
  4275 | Ossuary  | Gained mutation: You possess an exceptional clarity of mind. [potion of mutation]
  4275 | Ossuary  | Gained mutation: You are partially covered in iridescent scales. (AC +2) [potion of mutation]
  4275 | Ossuary  | Gained mutation: You are dopey. (Int -2) [potion of mutation]
  4275 | Ossuary  | Gained mutation: You are surrounded by a mild repulsion field. (EV +2) [potion of mutation]
  4276 | Ossuary  | Lost mutation: You are dopey. (Int -2) [potion of mutation]
  4276 | Ossuary  | Lost mutation: You possess an exceptional clarity of mind. [potion of mutation]
  4276 | Ossuary  | Lost mutation: Your system is resistant to poisons. (rPois) [potion of mutation]
  4276 | Ossuary  | Lost mutation: You are partially covered in iridescent scales. (AC +2) [potion of mutation]
  4276 | Ossuary  | Gained mutation: You are partially covered in large bone plates. (SH +4) [potion of mutation]
  4276 | Ossuary  | Gained mutation: You possess an exceptional clarity of mind. [potion of mutation]
  4276 | Ossuary  | Gained mutation: You evolve. [potion of mutation]
  4276 | Ossuary  | Gained mutation: You are partially covered in slimy green scales. (AC +2) [potion of mutation]
  4681 | D:4      | Noticed Robin
  4713 | D:4      | Killed Robin
  5132 | D:5      | Entered Level 5 of the Dungeon
  5139 | D:4      | Reached skill level 1 in Evocations
  5255 | D:5      | Found a blossoming altar of Fedhas.
  5508 | D:5      | Found a stormy altar of Qazlal.
  5612 | D:5      | Noticed kaze's ghost (novice KoWr)
  5617 | D:5      | Noticed Blork the orc
  5618 | D:5      | Found Vaudaq's Gadget Shop.
  5646 | D:5      | Killed Blork the orc
  5655 | D:5      | Killed kaze's ghost
  5655 | D:5      | Reached XP level 9. HP: 33/68 MP: 11/13
  5661 | D:5      | Lost mutation: You are partially covered in slimy green scales. (AC +2) [potion of mutation]
  5661 | D:5      | Lost mutation: You possess an exceptional clarity of mind. [potion of mutation]
  5661 | D:5      | Lost mutation: You evolve. [potion of mutation]
  5661 | D:5      | Gained mutation: You are partially covered in rugged brown scales. (AC +1, +3% HP) [potion of mutation]
  5661 | D:5      | Gained mutation: Your muscles are strong. (Str +2) [potion of mutation]
  5661 | D:5      | Gained mutation: You evolve. [potion of mutation]
  5662 | D:5      | Lost mutation: You are partially covered in large bone plates. (SH +4) [potion of mutation]
  5662 | D:5      | Lost mutation: Your muscles are strong. (Str +2) [potion of mutation]
  5662 | D:5      | Lost mutation: You are partially covered in rugged brown scales. (AC +1, +3% HP) [potion of mutation]
  5662 | D:5      | Lost mutation: You evolve. [potion of mutation]
  5662 | D:5      | Gained mutation: You are robust. (+10% HP) [potion of mutation]
  5662 | D:5      | Gained mutation: You are resistant to hostile enchantments. (MR+) [potion of mutation]
  5944 | D:5      | Noticed Edmund
  5970 | D:5      | Killed Edmund
  6081 | D:5      | Found a sparkling altar of Nemelex Xobeh.
  6149 | D:5      | Lost mutation: You are resistant to hostile enchantments. (MR+) [potion of mutation]
  6149 | D:5      | Lost mutation: You are robust. (+10% HP) [potion of mutation]
  6149 | D:5      | Lost mutation: You are surrounded by a mild repulsion field. (EV +2) [potion of mutation]
  6149 | D:5      | Gained mutation: You are dopey. (Int -2) [potion of mutation]
  6149 | D:5      | Gained mutation: You are partially covered in iridescent scales. (AC +2) [potion of mutation]
  6149 | D:5      | Gained mutation: You are clumsy. (Dex -2) [potion of mutation]
  6149 | D:5      | Gained mutation: You are partially covered in yellow scales. (AC +2) [potion of mutation]
  6150 | D:5      | Lost mutation: You are clumsy. (Dex -2) [potion of mutation]
  6150 | D:5      | Lost mutation: You are dopey. (Int -2) [potion of mutation]
  6150 | D:5      | Lost mutation: You are partially covered in iridescent scales. (AC +2) [potion of mutation]
  6150 | D:5      | Lost mutation: You are partially covered in yellow scales. (AC +2) [potion of mutation]
  6150 | D:5      | Gained mutation: You evolve. [potion of mutation]
  6150 | D:5      | Gained mutation: Your flesh is cold resistant. (rC+) [potion of mutation]
  6410 | D:5      | Noticed Pikel
  6427 | D:5      | Killed Pikel
  6897 | D:6      | Noticed Eustachio
  6941 | D:6      | Killed Eustachio
  7111 | D:6      | Reached XP level 10. HP: 79/79 MP: 15/15
  7229 | D:6      | Gained mutation: Your flesh is very cold resistant. (rC++) [mutagenic meat]
  7230 | D:6      | Gained mutation: Your muscles are strong. (Str +2) [mutagenic meat]
  7231 | D:6      | Gained mutation: You are resistant to hostile enchantments. (MR+) [mutagenic meat]
  7232 | D:6      | Gained mutation: Your spells are a little harder to cast, but a little more powerful. [mutagenic meat]
  7233 | D:6      | Gained mutation: Your magical capacity is low. (-10% MP) [mutagenic meat]
  8353 | D:7      | Found a shattered altar of Ashenzari.
  8498 | D:7      | Found a staircase to the Ecumenical Temple.
  8519 | Temple   | Entered the Ecumenical Temple
  8537 | Temple   | Became a worshipper of Elyvilon the Healer
  8760 | D:7      | Reached skill level 1 in Invocations
  9078 | D:7      | Lost mutation: You are resistant to hostile enchantments. (MR+) [evolution]
  9187 | D:8      | Reached * piety under Elyvilon
  9208 | D:8      | Noticed a two-headed ogre
  9223 | D:8      | Killed a two-headed ogre
  9223 | D:8      | Reached skill level 5 in Invocations
  9476 | D:8      | Found a staircase to the Lair.
  9539 | D:8      | Reached XP level 11. HP: 47/86 MP: 13/15
  9823 | D:8      | Noticed a two-headed ogre
  9840 | D:8      | Killed a two-headed ogre
  9840 | D:8      | Reached skill level 10 in Invocations
  9942 | D:8      | Gained mutation: You are resistant to electric shocks. (rElec) [mutagenic meat]
  9943 | D:8      | Gained mutation: You are clumsy. (Dex -2) [mutagenic meat]
  9946 | D:8      | Gained mutation: You are robust. (+10% HP) [mutagenic meat]
 10051 | D:8      | Reached ** piety under Elyvilon
 10239 | Lair:1   | Entered Level 1 of the Lair of Beasts
 10851 | Lair:1   | Reached *** piety under Elyvilon
 11233 | Lair:2   | Found a staircase to the Swamp.
 11271 | Lair:2   | HP: 3/95 [spiny frog (14)]
 11473 | Lair:2   | Lost mutation: Your magical capacity is low. (-10% MP) [potion of mutation]
 11473 | Lair:2   | Lost mutation: You evolve. [potion of mutation]
 11473 | Lair:2   | Lost mutation: Your muscles are strong. (Str +2) [potion of mutation]
 11473 | Lair:2   | Lost mutation: You are clumsy. (Dex -2) [potion of mutation]
 11473 | Lair:2   | Gained mutation: You passively map a small area around you. [potion of mutation]
 11473 | Lair:2   | Gained mutation: You have large cloven feet. [potion of mutation]
 11587 | Lair:2   | Noticed a four-headed hydra
 11588 | Lair:2   | Pacified a four-headed hydra
 11685 | Lair:2   | Reached XP level 12. HP: 87/104 MP: 19/19
 11756 | Lair:2   | Found a staircase to the Snake Pit.
 11768 | Lair:2   | Noticed an eight-headed hydra
 11769 | Lair:2   | Pacified an eight-headed hydra
 11950 | Lair:2   | Reached **** piety under Elyvilon
 12055 | Lair:2   | Reached skill level 10 in Armour
 12400 | Lair:3   | Found a blossoming altar of Fedhas.
 12566 | Lair:3   | Reached skill level 10 in Shields
 13541 | Lair:3   | Noticed a six-headed hydra
 13542 | Lair:3   | Pacified a six-headed hydra
 13542 | Lair:3   | Reached skill level 10 in Fighting
 13718 | Lair:3   | Noticed an eight-headed hydra
 13720 | Lair:3   | Pacified an eight-headed hydra
 13720 | Lair:3   | Reached XP level 13. HP: 113/113 MP: 20/20
 14791 | Lair:3   | Got a flickering brass ring
 14793 | Lair:3   | Identified the ring "Uwkoilox" {Dex+3 Slay+3} (You found it on level 3 of the Lair of Beasts)
 14996 | Lair:4   | Noticed Snorg
 15016 | Lair:4   | Killed Snorg
 15659 | Lair:4   | Reached skill level 10 in Evocations
 15997 | Lair:4   | Noticed Harold
 16014 | Lair:4   | Killed Harold
 16426 | Lair:5   | Reached ***** piety under Elyvilon
 17099 | Lair:6   | Entered Level 6 of the Lair of Beasts
 17175 | Lair:6   | Found a staircase to the Slime Pits.
 17175 | Lair:6   | Found a viscous altar of Jiyva.
 17253 | Lair:6   | Noticed a five-headed hydra
 17254 | Lair:6   | Pacified a five-headed hydra
 17687 | Lair:6   | Lost mutation: You have large cloven feet. [potion of mutation]
 17687 | Lair:6   | Lost mutation: You are robust. (+10% HP) [potion of mutation]
 17687 | Lair:6   | Lost mutation: Your flesh is very cold resistant. (rC++) [potion of mutation]
 17687 | Lair:6   | Lost mutation: Your spells are a little harder to cast, but a little more powerful. [potion of mutation]
 17687 | Lair:6   | Gained mutation: Your system is resistant to poisons. (rPois) [potion of mutation]
 17687 | Lair:6   | Gained mutation: You are partially covered in rugged brown scales. (AC +1, +3% HP) [potion of mutation]
 17715 | Lair:6   | Noticed a four-headed hydra
 17716 | Lair:6   | Pacified a four-headed hydra
 18314 | Lair:6   | Noticed an anaconda
 18347 | Lair:6   | Killed an anaconda
 18397 | Lair:6   | Noticed a dire elephant
 18400 | Lair:6   | Killed a dire elephant
 18402 | Lair:6   | Noticed a dire elephant
 18406 | Lair:6   | Killed a dire elephant
 18423 | Lair:6   | Noticed a dire elephant
 18423 | Lair:6   | Noticed a dire elephant
 18439 | Lair:6   | Killed a dire elephant
 18439 | Lair:6   | Reached XP level 14. HP: 106/116 MP: 23/23
 18441 | Lair:6   | Killed a dire elephant
 18468 | Lair:6   | Got a warped scarf
 18479 | Lair:6   | Identified the scarf of the Aged Spirits {Str+3 Int-3 Dex+3} (You found it on level 6 of the Lair of Beasts)
 18673 | Lair:6   | Noticed a dire elephant
 18685 | Lair:6   | Killed a dire elephant
 19082 | D:9      | Found an ornate altar of the Wu Jian Council.
 19544 | D:9      | Found a staircase to the Orcish Mines.
 19619 | D:9      | Found Tuopp's Gadget Shoppe.
 19873 | D:10     | Entered Level 10 of the Dungeon
 19905 | Orc:1    | Entered Level 1 of the Orcish Mines
 19952 | Orc:1    | Noticed a stone giant
 19986 | Orc:1    | Killed a stone giant
 20142 | Orc:1    | Found Uxziff's Magic Scroll Shoppe.
 20153 | Orc:1    | Found a roughly hewn altar of Beogh.
 20159 | Orc:1    | Bought a scroll of recharging for 161 gold pieces
 20159 | Orc:1    | Bought a scroll of identify for 34 gold pieces
 20159 | Orc:1    | Bought 3 scrolls of identify for 102 gold pieces
 20159 | Orc:1    | Bought a scroll of identify for 34 gold pieces
 20161 | Orc:1    | Bought a scroll of noise for 17 gold pieces
 20349 | Orc:2    | Entered Level 2 of the Orcish Mines
 20363 | Orc:2    | Reached ****** piety under Elyvilon
 20425 | Orc:2    | Noticed Isola's ghost (journeyman DrCj)
 20471 | Orc:2    | Killed Isola's ghost
 20766 | Orc:2    | Found a staircase to the Elven Halls.
 21276 | Orc:2    | Reached skill level 10 in Long Blades
 21450 | Orc:2    | Found Puffau Fyro's Food Shoppe.
 21450 | Orc:2    | Found Kunwysho's Weapon Shoppe.
 21451 | Orc:2    | Found Xyri's Armour Emporium.
 21454 | Orc:2    | Found Isoudann's Armour Emporium.
 21461 | Orc:2    | Bought a +0 pair of boots of running for 535 gold pieces
 23272 | D:11     | Reached XP level 15. HP: 120/123 MP: 24/24
 23353 | D:11     | Gained mutation: Potions are less effective at restoring your health. [mutagenic meat]
 23355 | D:11     | Gained mutation: You are resistant to hostile enchantments. (MR+) [mutagenic meat]
 23582 | D:11     | Reached XP level 16. HP: 109/130 MP: 25/25
 23781 | D:12     | Reached skill level 15 in Shields
 25004 | D:13     | Lost mutation: Your flesh is cold resistant. (rC+) [potion of mutation]
 25004 | D:13     | Lost mutation: You passively map a small area around you. [potion of mutation]
 25004 | D:13     | Gained mutation: You have sharp fingernails. [potion of mutation]
 25004 | D:13     | Gained mutation: You have a somewhat thin skeletal structure. (Dex +2, Stealth) [potion of mutation]
 25017 | D:13     | Found a shattered altar of Ashenzari.
 25785 | D:13     | Found a gate to the Vaults.
 26706 | D:14     | Noticed Agnes
 26714 | D:14     | Killed Agnes
 26841 | D:14     | Noticed Louise
 26851 | D:14     | Killed Louise
 26855 | D:14     | Found a glowing golden altar of the Shining One.
 27227 | D:15     | Entered Level 15 of the Dungeon
 27538 | D:15     | Lost mutation: You have sharp fingernails. [mutagenic meat]
 27540 | D:15     | Gained mutation: You evolve. [mutagenic meat]
 27543 | D:15     | Gained mutation: Your movements are slightly less encumbered by armour. (ER -2) [mutagenic meat]
 27544 | D:15     | Gained mutation: Your flesh is cold resistant. (rC+) [mutagenic meat]
 28027 | D:15     | Found a staircase to the Depths.
 28035 | D:15     | Reached XP level 17. HP: 131/140 MP: 27/27
 28491 | Depths:1 | Entered Level 1 of the Depths
 28967 | Depths:1 | Gained mutation: Your mind is acute. (Int +2) [mutagenic meat]
 29094 | Depths:1 | Noticed a sphinx
 29113 | Depths:1 | Killed a sphinx
 29263 | Depths:1 | Noticed a sphinx
 29290 | Depths:1 | Killed a sphinx
 29329 | Depths:1 | Reached skill level 15 in Invocations
 29346 | Depths:1 | Gained mutation: You passively map a small area around you. [mutagenic meat]
 29347 | Depths:1 | Lost mutation: You are resistant to hostile enchantments. (MR+) [mutagenic meat]
 29349 | Depths:1 | Gained mutation: Potions are poor at restoring your health. [mutagenic meat]
 29350 | Depths:1 | Gained mutation: You have sharp fingernails. [mutagenic meat]
 29352 | Depths:1 | Gained mutation: Your spells are a little harder to cast, but a little more powerful. [mutagenic meat]
 29743 | Depths:1 | Noticed a lich
 29763 | Depths:1 | Killed a lich
 30022 | Depths:1 | Lost mutation: Your movements are slightly less encumbered by armour. (ER -2) [evolution]
 30285 | Depths:1 | Gained mutation: Your mind is very acute. (Int +4) [mutagenic meat]
 30288 | Depths:1 | Gained mutation: You have large cloven feet. [mutagenic meat]
 30289 | Depths:1 | Lost mutation: You have large cloven feet. [mutagenic meat]
 30291 | Depths:1 | Lost mutation: Potions are poor at restoring your health. [mutagenic meat]
 30293 | Depths:1 | Lost mutation: Potions are less effective at restoring your health. [mutagenic meat]
 30294 | Depths:1 | Lost mutation: Your system is resistant to poisons. (rPois) [mutagenic meat]
 30295 | Depths:1 | Lost mutation: Your mind is very acute. (Int +4) [mutagenic meat]
 30296 | Depths:1 | Gained mutation: Your muscles are strong. (Str +2) [mutagenic meat]
 30297 | Depths:1 | Gained mutation: You expend magic power (3 MP) to strengthen your wands. [mutagenic meat]
 30548 | Depths:1 | Found a gateway to Hell.
 30723 | Depths:1 | Found Umirekki's Weapon Emporium.
 30882 | Depths:1 | Noticed Asterion
 30883 | Depths:1 | Noticed Nikola
 30899 | Depths:1 | Killed Asterion
 30917 | Depths:1 | Killed Nikola
 31164 | Depths:1 | Reached XP level 18. HP: 147/147 MP: 30/30
 32059 | Depths:1 | Gained mutation: Your mind is very acute. (Int +4) [mutagenic meat]
 32061 | Depths:1 | Lost mutation: You expend magic power (3 MP) to strengthen your wands. [mutagenic meat]
 32062 | Depths:1 | Gained mutation: You possess an exceptional clarity of mind. [mutagenic meat]
 32768 | Depths:1 | Gained mutation: Your body sometimes deteriorates upon taking damage. [mutagenic meat]
 32772 | Depths:1 | Gained mutation: You have an increased reservoir of magic. (+10% MP) [mutagenic meat]
 32774 | Depths:1 | Lost mutation: You are partially covered in rugged brown scales. (AC +1, +3% HP) [mutagenic meat]
 33811 | Depths:1 | Gained mutation: You are agile. (Dex +2) [evolution]
 33811 | Depths:1 | Lost mutation: You evolve. [end of evolution]
 34509 | Depths:2 | Noticed a juggernaut
 34527 | Depths:2 | Noticed a golden dragon
 34834 | Depths:1 | Killed a juggernaut
 34857 | Depths:1 | Killed a golden dragon
 35865 | Depths:2 | Reached XP level 19. HP: 87/152 MP: 34/34
 35929 | Depths:2 | Lost mutation: You possess an exceptional clarity of mind. [mutagenic meat]
 35930 | Depths:2 | Lost mutation: Your body sometimes deteriorates upon taking damage. [mutagenic meat]
 35933 | Depths:2 | Lost mutation: Your flesh is cold resistant. (rC+) [mutagenic meat]
 35934 | Depths:2 | Gained mutation: You are partially covered in rugged brown scales. (AC +1, +3% HP) [mutagenic meat]
 35936 | Depths:2 | Gained mutation: You do not regenerate when monsters are visible. [mutagenic meat]
 35940 | Depths:2 | Lost mutation: Your muscles are strong. (Str +2) [mutagenic meat]
 35976 | Depths:2 | Noticed a tentacled monstrosity
 35984 | Depths:2 | Killed a tentacled monstrosity
 36377 | Depths:2 | Found a one-way gate to the infinite horrors of the Abyss.
 36428 | Depths:2 | Noticed a golden dragon
 36443 | Depths:2 | Killed a golden dragon
 37008 | Depths:2 | HP: 7/156 [spriggan air mage/the air (12)]
 37010 | Depths:2 | HP: 2/156 [spriggan rider/spear (12)]
 37011 | Depths:2 | Elyvilon protects you from harm!
 37011 | Depths:2 | Elyvilon protects you from harm!
 37011 | Depths:2 | Elyvilon protects you from harm!
 37013 | Depths:2 | Elyvilon protects you from harm!
 37013 | Depths:2 | Elyvilon protects you from harm!
 37015 | Depths:2 | Elyvilon protects you from harm!
 37017 | Depths:2 | Elyvilon protects you from harm!
 37017 | Depths:2 | Elyvilon protects you from harm!
 37020 | Depths:2 | Was placed under penance by Elyvilon
 37024 | Depths:2 | Elyvilon protects you from harm!
 37033 | Depths:2 | Elyvilon protects you from harm!
 37388 | Depths:1 | Noticed a titan
 37743 | Swamp:1  | Entered Level 1 of the Swamp
 38627 | Swamp:1  | Lost mutation: You have an increased reservoir of magic. (+10% MP) [potion of mutation]
 38627 | Swamp:1  | Lost mutation: You are resistant to electric shocks. (rElec) [potion of mutation]
 38627 | Swamp:1  | Gained mutation: Your magical capacity is low. (-10% MP) [potion of mutation]
 38627 | Swamp:1  | Gained mutation: You evolve. [potion of mutation]
 38627 | Swamp:1  | Gained mutation: You possess an exceptional clarity of mind. [potion of mutation]
 38630 | Swamp:1  | Lost mutation: You are agile. (Dex +2) [potion of mutation]
 38630 | Swamp:1  | Lost mutation: You possess an exceptional clarity of mind. [potion of mutation]
 38630 | Swamp:1  | Lost mutation: Your magical capacity is low. (-10% MP) [potion of mutation]
 38630 | Swamp:1  | Lost mutation: You passively map a small area around you. [potion of mutation]
 38630 | Swamp:1  | Lost mutation: Your mind is very acute. (Int +4) [potion of mutation]
 38630 | Swamp:1  | Lost mutation: You evolve. [potion of mutation]
 38630 | Swamp:1  | Gained mutation: You are resistant to electric shocks. (rElec) [potion of mutation]
 38630 | Swamp:1  | Gained mutation: Your mind is very acute. (Int +4) [potion of mutation]
 38760 | Swamp:1  | Reached skill level 15 in Armour
 41392 | Swamp:2  | Reached skill level 15 in Fighting
 41610 | Swamp:3  | Was forgiven by Elyvilon
 43438 | Swamp:4  | Entered Level 4 of the Swamp
 43691 | Swamp:4  | Reached XP level 20. HP: 155/166 MP: 32/32
 45412 | Swamp:4  | Noticed the 27-headed Lernaean hydra
 45421 | Swamp:4  | Killed the 26-headed Lernaean hydra
 45421 | Swamp:4  | Reached skill level 15 in Evocations
 45648 | Swamp:4  | Got a decaying rune of Zot
 45894 | Swamp:4  | Identified the Catalogue of Supportive Envenoming
 46361 | Snake:1  | Entered Level 1 of the Snake Pit
 47436 | Snake:1  | Identified a scroll of acquirement
 47902 | Snake:2  | Noticed Saint Roka
 47958 | Snake:2  | Killed Saint Roka
 48399 | Snake:2  | Got a transparent long sword
 48400 | Snake:2  | Identified the cursed +3 long sword of Distant Worlds {venom, rPois rC+ rN++ Str+4} (You found it on level 2 of the Snake Pit)
 48405 | Snake:2  | Got a bloodstained triple sword
 48406 | Snake:2  | Identified the +2 triple sword of Mutilation {venom, rC- Str+5} (You acquired it on level 2 of the Snake Pit)
 49547 | Snake:2  | Reached XP level 21. HP: 120/173 MP: 33/33
 50291 | Snake:3  | Noticed Aizul
 50303 | Snake:3  | Killed Aizul
 50353 | Snake:3  | Lost mutation: Your spells are a little harder to cast, but a little more powerful. [mutagenic meat]
 50354 | Snake:3  | Gained mutation: You are partially covered in icy blue scales. (AC +2) [mutagenic meat]
 50356 | Snake:3  | Lost mutation: You do not regenerate when monsters are visible. [mutagenic meat]
 51246 | Snake:4  | Entered Level 4 of the Snake Pit
 52623 | Snake:4  | Gained mutation: You do not regenerate when monsters are visible. [mutagenic meat]
 52625 | Snake:4  | Gained mutation: You are resistant to hostile enchantments. (MR+) [mutagenic meat]
 52637 | Snake:4  | Lost mutation: You are resistant to electric shocks. (rElec) [mutagenic meat]
 53668 | Snake:4  | Gained mutation: You possess an exceptional clarity of mind. [mutagenic meat]
 53670 | Snake:4  | Gained mutation: Your system is resistant to poisons. (rPois) [mutagenic meat]
 53674 | Snake:4  | Gained mutation: Your muscles are strong. (Str +2) [mutagenic meat]
 53680 | Snake:4  | Lost mutation: You are resistant to hostile enchantments. (MR+) [mutagenic meat]
 53681 | Snake:4  | Lost mutation: Your muscles are strong. (Str +2) [mutagenic meat]
 53682 | Snake:4  | Gained mutation: You have an increased reservoir of magic. (+10% MP) [mutagenic meat]
 53683 | Snake:4  | Lost mutation: You have an increased reservoir of magic. (+10% MP) [mutagenic meat]
 53924 | Snake:4  | Got a serpentine rune of Zot
 54310 | Vaults:1 | Entered Level 1 of the Vaults
 54317 | D:13     | Reached XP level 22. HP: 187/187 MP: 35/35
 54707 | Vaults:1 | Reached skill level 15 in Long Blades
 55130 | Vaults:1 | Lost mutation: You have a somewhat thin skeletal structure. (Dex +2, Stealth) [mutagenic meat]
 55131 | Vaults:1 | Gained mutation: Your spells are a little harder to cast, but a little more powerful. [mutagenic meat]
 55208 | Vaults:1 | Gained mutation: Scrolls take you a little longer to read. [mutagenic meat]
 55209 | Vaults:1 | Lost mutation: Your mind is very acute. (Int +4) [mutagenic meat]
 55210 | Vaults:1 | Gained mutation: Your flesh is heat resistant. (rF+) [mutagenic meat]
 55541 | Vaults:1 | Gained mutation: You are covered in fur. (AC +1) [mutagenic meat]
 55554 | Vaults:1 | Lost mutation: You possess an exceptional clarity of mind. [mutagenic meat]
 55555 | Vaults:1 | Gained mutation: You are partially covered in molten scales. (AC +2) [mutagenic meat]
 55556 | Vaults:1 | Lost mutation: Your mind is acute. (Int +2) [mutagenic meat]
 56043 | Vaults:1 | Gained mutation: You passively map a small area around you. [mutagenic meat]
 56710 | Vaults:2 | Lost mutation: Scrolls take you a little longer to read. [mutagenic meat]
 56711 | Vaults:2 | Gained mutation: You are covered in thick fur. (AC +2) [mutagenic meat]
 56959 | Vaults:2 | HP: 7/187 [entropy weaver[a boggart] (12)]
 56959 | Vaults:2 | Mangled by an entropy weaver

Vault maps used:
D:1:      minmay_arrival_four_circles
D:2:      lemuel_blue_sif_altar, nicolae_overflow_crystal_walls, first_bread
D:3:      lemuel_flame_loot_1, uniq_jessica, uniq_crazy_yiuf_cottage,
          uniq_natasha
D:4:      enter_ossuary_4, uniq_sigmund, uniq_duvessa, uniq_robin
D:5:      nemelex_xobeh_ov_fountains_minmay, marbit_many_paths, serial_shops,
          shop, fedhas_altar_1, uniq_pikel, uniq_blork_the_orc, uniq_edmund
D:6:      uniq_eustachio
D:7:      overflow_temple_1_default, minmay_temple_entry_hall
D:8:      minmay_lair_entry_grove
D:9:      overflow_temple_1_default, hiddenorc2_lemuel, serial_shops,
          shop_statue
D:10:     grunt_ogre_cave
D:11:     serial_bayou_lake_a
D:12:     minmay_misc_feat_ornament
D:13:     grunt_vaults_entry_tiered, evilmike_ruin_ashenzari
D:14:     moated_statue, grunt_ministairs_6, nicolae_tso_swordbearing_angel,
          uniq_agnes, uniq_louise
D:15:     grunt_enter_depths_snipers, roderic_serpentine_path
Temple:   nicolae_temple_elliptical
Lair:2:   swamp_mist, dummy_snake_entry, fungi_pond_lemuel
Lair:3:   basic_altar, grunt_forest_large_clearings, grunt_megastairs_2,
          minmay_lair_oklob_chamber
Lair:4:   uniq_snorg, uniq_harold
Lair:6:   due_jungle_book, slime_altar_1, st_stairs_10
Swamp:1:  evilmike_swamp_ruin_house_3
Swamp:2:  hangedman_swamp_ruin_wall
Swamp:3:  evilmike_swamp_ruin_house_6
Swamp:4:  grunt_swamp_rune_castle
Snake:2:  uniq_saint_roka
Snake:3:  uniq_aizul
Snake:4:  grunt_snake_rune_pools, serial_bayou_shore_b, serial_bayou_shore_a
Orc:1:    serial_shops, nicolae_shop_stone, basic_altar
Orc:2:    st_orc_mages
Vaults:1: nicolae_vaults_circle_grid_b, nicolae_vaults_twisting_passages,
          hangedman_vaults_hat, hangedman_vaults_locks,
          ontoclasm_vaults_ligature, nicolae_vaults_specimen_jars,
          nicolae_vaults_three_branches, nicolae_vaults_border_crossing,
          hangedman_vaults_stagger, ontoclasm_vaults_claustrophobia,
          ontoclasm_vaults_shuriken
Vaults:2: nicolae_vaults_minivaults, nicolae_vaults_little_squares_3,
          ontoclasm_vaults_pinch, v_misc_1, serial_ice_b,
          vaults_standard_mumra_x, nicolae_vaults_rhombus_5, vaults_room_grid,
          ontoclasm_vaults_gateway, minmay_crypt_entry_necro_gods,
          hangedman_vaults_river_flow, hangedman_vaults_corner_blocks,
          v_misc_30, vaults_room_door_ring, serial_shops, shop_statue
Depths:1: minmay_connected_boxes_in_corner, hellmouth_1, hangedman_decor_points,
          serial_shops, shop, minivault_1, grunt_decor_clamped,
          kennysheep_generic_room_11, uniq_nikola, uniq_asterion
Depths:2: grunt_runaround, serial_shops, hell_entry, abyss_entry
Ossuary:  ossuary_tomb_1

Skill      XL: |  1  2  3  4  5  6  7  8  9 10 11 12 13 14 15 16 17 18 19 20 21 22 |
---------------+-------------------------------------------------------------------+-----
Shields        | 4 5 6 8 9 10 12 14 15 17 18 | 18.3
Long Blades    | 3 4 5 6 7 9 10 11 12 13 14 15 | 15.0
Fighting       | 4 5 7 8 9 10 11 12 13 14 15 17 | 17.2
Armour         | 4 6 7 9 10 11 12 13 14 15 16 17 | 17.0
Evocations     | 6 7 8 9 10 11 12 13 14 16 17 | 17.0
Invocations    | 7 10 12 14 17 18 | 18.0

Action                   |  1- 3 |  4- 6 |  7- 9 | 10-12 | 13-15 | 16-18 | 19-21 | 22-24 || total
-------------------------+-------+-------+-------+-------+-------+-------+-------+-------++-------
Melee: Long sword        |   109 |   176 |   514 |  1151 |   177 |       |       |       ||  2127
       Scimitar          |       |       |       |       |   999 |   492 |       |       ||  1491
       Great sword       |       |       |       |       |       |  1115 |  1028 |       ||  2143
       Triple sword      |       |       |       |       |       |       |   777 |   550 ||  1327
Invok: Lesser Healing    |       |       |       |    39 |    14 |    13 |    30 |     7 ||   103
       Heal Other        |       |       |       |     3 |     3 |     2 |       |       ||     8
       Greater Healing   |       |       |       |       |    10 |    26 |       |     7 ||    43
       Divine Protection |       |       |       |       |       |       |     1 |       ||     1
 Abil: Dig               |       |       |    10 |    10 |    24 |    30 |    16 |       ||    90
Evoke: Wand              |       |       |     4 |     9 |    43 |    13 |    14 |       ||    83
       Box of beasts     |       |       |       |       |       |     1 |       |       ||     1
       Phial of floods   |       |       |       |       |       |       |     1 |       ||     1
  Use: Scroll            |     7 |     3 |     6 |     9 |     9 |     4 |    15 |     1 ||    54
       Potion            |       |     3 |     8 |     2 |     5 |     9 |    16 |     2 ||    45
 Stab: Confused          |       |       |       |     6 |     7 |     1 |     5 |       ||    19
       Distracted        |       |       |       |     1 |       |       |     1 |       ||     2
       Invisible         |       |       |       |       |     3 |       |       |       ||     3
       Sleeping          |       |       |       |       |       |       |     2 |       ||     2
  Eat: Chunk             |       |     9 |    11 |    37 |    39 |    86 |    62 |    27 ||   271
       Meat ration       |       |       |     1 |     1 |     1 |     4 |     4 |       ||    11
       Royal jelly       |       |       |     1 |       |     1 |     3 |     1 |     1 ||     7
       Fruit             |       |       |       |     1 |       |       |       |     1 ||     2
       Bread ration      |       |       |       |       |       |       |     3 |       ||     3
Armor: Scale mail        |    45 |    63 |   161 |       |       |       |       |       ||   269
       Chain mail        |       |       |    46 |   623 |   220 |       |       |       ||   889
       Plate armour      |       |       |       |       |   307 |   420 |   447 |   125 ||  1299
       Skin              |       |       |       |       |       |     9 |     1 |       ||    10
       Swamp dragon scal |       |       |       |       |       |       |   134 |       ||   134
Dodge: Dodged            |    38 |    61 |   210 |   392 |   222 |   219 |   297 |    79 ||  1518
Block: Shield            |    68 |    86 |       |       |       |   317 |       |       ||   471
       Buckler           |       |       |   113 |   295 |   348 |     6 |       |       ||   762
       Large shield      |       |       |       |       |       |  1101 |  2185 |   582 ||  3868
       Reflection        |       |       |       |       |       |   108 |   179 |    26 ||   313
       Rpst.: Long sword |    14 |    24 |    59 |   123 |     5 |       |       |       ||   225
       Scimitar          |       |       |       |       |    51 |    16 |       |       ||    67
       Great sword       |       |       |       |       |       |    22 |    41 |       ||    63
       Triple sword      |       |       |       |       |       |       |    24 |    15 ||    39
